 Dungeon Crawl Stone Soup version 0.28.0-45-g0d030f2227 (webtiles) character file.

Game seed: 13932396122901727079

24 firemarshallily the Skirmisher (level 2, 0/24 HPs)
             Began as a Demonspawn Berserker on Apr 24, 2022.
             Was a Follower of Trog.
             Succumbed to an adder's poison
             ... on level 2 of the Dungeon.
             The game lasted 00:04:07 (964 turns).

firemarshallily the Skirmisher (DsBe)                Turns: 964, Time: 00:04:08

Health: 0/24       AC:  2    Str: 17    XL:     2   Next: 79%
Magic:  2/2        EV: 12    Int:  8    God:    Trog [*.....]
Gold:   21         SH:  0    Dex: 12    Spells: 1/1 levels left

rFire   . . .      SeeInvis .   a - +0 hand axe
rCold   . . .      Faith    .   (no shield)
rNeg    . . .      Spirit   .   b - +0 animal skin
rPois   .          Reflect  .   (no helmet)
rElec   .          Harm     .   (no cloak)
rCorr   .          Rampage  .   (no gloves)
Will    .....      Rage     1%  (no boots)
Stlth   +.........              (no amulet)
HPRegen 0.08/turn               (no ring)
MPRegen 0.08/turn               (no ring)

@: lethally poisoned (0 -> -5)
A: claws 1, berserk 1
a: Renounce Religion, Berserk


You were on level 2 of the Dungeon.
You worshipped Trog.
Trog was aware of your devotion.
You visited 1 branch of the dungeon, and saw 2 of its levels.

You collected 21 gold pieces.

Inventory:

Hand Weapons
 a - a +0 hand axe (weapon)
Missiles
 c - 24 stones (quivered)
Armour
 b - a +0 animal skin (worn)
Scrolls
 e - a scroll of identify {unknown}
 f - a scroll of amnesia {unknown}


   Skills:
 + Level 3.3 Fighting
 + Level 3.0 Axes
 + Level 0.6 Throwing
 + Level 2.1 Armour
 - Level 1.9 Dodging


You had one spell level left.
You didn't know any spells.
Your spell library was empty.

Dungeon Overview and Level Annotations

Branches:
Dungeon (2/15)

Altars:


Innate Abilities, Weirdness & Mutations

You have sharp fingernails.
You tend to lose your temper in combat.


Message History

You climb downwards.
There is a stone staircase leading up here.
A bat comes into view.
The helpless bat fails to defend itself.
You hit the bat but do no damage. The bat closely misses you. x2
You barely miss the bat. The bat closely misses you. The bat barely misses you.
The bat hits you.
You closely miss the bat. The bat closely misses you.
The bat barely misses you. The bat barely misses you.
The bat barely misses you. The bat barely misses you.
An adder comes into view.
The bat barely misses you.
The adder hisses angrily.
The bat hits you but does no damage.
You hit the bat.
You kill the bat!
Trog accepts your kill.
You barely miss the adder. The adder misses you.
You miss the adder. The adder bites you. x2
You are poisoned.
The adder poisons you!
You barely miss the adder.
You feel sick. The adder misses you.
You closely miss the adder.
You feel sick. The adder barely misses you. The adder bites you.
You are more poisoned.
The adder poisons you!
You closely miss the adder.
You feel sick. The adder barely misses you.
You closely miss the adder.
You feel sick. The adder bites you.
You are more poisoned.
The adder poisons you! The adder bites you.
* * * LOW HITPOINT WARNING * * *
You barely miss the adder.
* * * LOW HITPOINT WARNING * * *
You feel sick. The adder bites you.
* * * LOW HITPOINT WARNING * * *
It was a potion of mutation.
You feel extremely strange.
You feel a little pissed off.
You die...

######.#### #..
......# ###### #.#
......###
......#####.#.#.......
#......##.#.#.....#
.##.#...............
.........##.###...#
........###.####S##.#
.###.##<# #.....@...#
# #.# ######.#### #.#
#+# ... #.# ..# ..#
...


You could see an adder.

Vanquished Creatures
  5 ball pythons (D:1)
  2 endoplasms (D:1)
  2 giant cockroaches (D:1)
  2 hobgoblins (D:1)
  5 bats
  2 frilled lizards (D:1)
  2 goblins (D:1)
  A kobold (D:1)
  3 rats (D:1)
24 creatures vanquished.

Notes
Turn   | Place    | Note
-------+----------+-------------------------------------------
     0 | D:1      | firemarshallily the Demonspawn Berserker began the quest
                  | for the Orb.
     0 | D:1      | Reached XP level 1. HP: 18/18 MP: 1/1
   422 | D:1      | Gained mutation: You have sharp fingernails. [demonic
                  | ancestry]
   422 | D:1      | Reached XP level 2. HP: 20/24 MP: 2/2
   963 | D:2      | HP: 1/24 [adder (4)]
   964 | D:2      | Gained mutation: You tend to lose your temper in combat.
                  | [potion of mutation]
   964 | D:2      | Succumbed to an adder's poison

Illustrated notes

Levels and vault maps discovered:
D:1:      scummos_arrival_checkerplants, layout_loops_ring, serial_glass,
          glass_columns_c, glass_columns_c, st_stairs_12, minmay_misc_feat_iff
D:2:      layout_loops_corners

Skill      XL: |  1  2 |
---------------+-------+-----
Armour         | 2 |  2.1
Axes           | 3 |  3.0
Fighting       | |  3.3
Throwing       | |  0.6
Dodging        | |  1.9

Action                   || total
-------------------------++-------
Melee: Hand axe          ||    67
       Punch             ||     1
Throw: Stone             ||     2
  Use: Potion            ||     1
 Stab: Sleeping          ||     1
Armor: Animal skin       ||    15
Dodge: Dodged            ||    53
